 Dungeon Crawl Stone Soup version 0.22.0-49-gab54619674 (webtiles) character file.

0 Jannitor the Ducker (level 1, -49/11 HPs)
             Began as a Spriggan Abyssal Knight on Sept 5, 2018.
             Was a Follower of Lugonu.
             Blown up by a lich (60 damage)
             ... with an orb of destruction
             ... while paralysed by a lich
             ... on level 2 of the Abyss.
             The game lasted 00:01:03 (132 turns).

Jannitor the Ducker (Spriggan Abyssal Knight)        Turns: 132, Time: 00:01:04

Health: -49/11     AC:  2    Str:  8    XL:     1   Next: 0%
Magic:  3/3        EV:  4    Int: 13    God:    Lugonu [*.....]
Gold:   65         SH:  0    Dex: 15    Spells: 0/0 levels left

rFire    . . .     SeeInvis +   a - +1 short sword
rCold    . . .     Gourm    .   (shield restricted)
rNeg     . . .     Faith    .   b - +0 robe
rPois    .         Spirit   .   (helmet restricted)
rElec    .         Reflect  .   (no cloak)
rCorr    .         Harm     .   (gloves unavailable)
MR       .....                  (boots unavailable)
Stlth    +.........             (no amulet)
HPRegen  0.03/turn              (no ring)
MPRegen  0.08/turn              (no ring)

@: paralysed, very quick
A: very small, unfitting armour, see invisible, herbivore, speed 3, slow
metabolism 2
a: Depart the Abyss, Renounce Religion


You were on level 2 of the Abyss.
You worshipped Lugonu.
Lugonu was aware of your devotion.
You were not hungry.

You visited 0 branches of the dungeon, and saw 0 of its levels.
You visited the Abyss 1 time.

You collected 65 gold pieces.

Inventory:

Hand Weapons
 a - a +1 short sword (weapon)
Missiles
 e - 18 sling bullets
Armour
 b - a +0 robe (worn)
Scrolls
 d - a scroll of fog {unknown}
Comestibles
 c - a ration


   Skills:
 + Level 2.4 Fighting
 + Level 2.1 Short Blades
 + Level 3.5 Dodging
 + Level 1.7 Invocations


You couldn't memorise any spells.
You didn't know any spells.
Your spell library contained the following spells:

 Spells                   Type           Power        Failure   Level  Hunger
 Summon Small Mammal      Summ           #...         30%         1    ##.....
 Call Imp                 Summ           #.......     43%         2    ###....
 Call Canine Familiar     Summ           #.......     67%         3    ####...
 Summon Guardian Golem    Hex/Summ       #.......     67%         3    ####...
 Summon Ice Beast         Ice/Summ       #.......     97%         4    #####..
 Summon Lightning Spire   Summ/Air       #.......     97%         4    #####..


Dungeon Overview and Level Annotations

Branches:
Dungeon (0/15)

Altars:


Innate Abilities, Weirdness & Mutations

You are very small and have problems with some larger weapons.
You are too small for most types of armour.
You have supernaturally acute eyesight. (SInv)
You are a herbivore.
You cover ground extremely quickly.
You need to consume almost no food.


Message History

A fire elemental comes into view.
A tentacled starspawn comes into view.
Unknown command.
A small abomination comes into view.
Found a gateway leading out of the Abyss.
Found 25 arrows and 48 gold pieces.
You now have 65 gold pieces (gained 48).
A lich comes into view.
The lich shouts!
The lich casts a spell at you.
You suddenly lose the ability to move!
Found a hunting sling.
The lich launches a ball of destructive magic.
You hear a bellow!
An orb of destruction comes into view.
The lich gestures at you while chanting.
You shrug off the repeated paralysis!
The orb of destruction hits you!
Ouch! That really hurt!
You die...

..##....).##...
...............
..L............
...§§..........
.....§.........
.....§§..........
.......§..........
#...@..# . ....#
..##......##......#
...............(....
............... .. .
....................
................ ...
....................
............... ....
..##.... .##......#


You could see a lich.

Vanquished Creatures (others)
  A golden eye (Abyss:2)
1 creature vanquished.

Notes
Turn   | Place    | Note
-------+----------+-------------------------------------------
     0 | Abyss:1  | Jannitor the Spriggan Abyssal Knight began the quest for
                  | the Orb.
     0 | Abyss:1  | Reached XP level 1. HP: 11/11 MP: 3/3
    59 | Abyss:2  | Found a burning altar of Makhleb.
    59 | Abyss:2  | Noticed a raiju
    62 | Abyss:2  | Killed a golden eye
    63 | Abyss:2  | Noticed a tormentor
    69 | Abyss:2  | Noticed a fire elemental
    72 | Abyss:2  | Noticed a tentacled starspawn
   100 | Abyss:2  | Noticed a small abomination
   127 | Abyss:2  | Noticed a lich
   127 | Abyss:2  | Paralysed by a lich for 5 turns
   132 | Abyss:2  | Blown up by a lich
